AoeStats
← Wollolo

Fortress

508496252Analyzed
4v4 RM · 8d ago on Sep 22, 2026· 80m 32s· 8 players
Game mode
Random Map
Map size
Huge
Population
200
Speed
Normal
Resources
Standard
Victory
Conquest
Starting age
Dark Age
Ending age
Imperial Age
RankedLock teamsTeams togetherTeam positionsShared explorationLock speedFull tech treeHidden civsTurbo modeCheats
Victory
Defeat
🇲🇽 Huns · Mexico
863
+14
🇫🇷 Bohemians · France
831
+16
🇬🇧 Persians · United Kingdom
829
+16
🇩🇪 Romans · Germany
757
+19
🇬🇧 Teutons · United Kingdom
965
-23
🇬🇧 Saxons · United Kingdom
883
-19
🇬🇧 Vietnamese · United Kingdom
732
-12
🇬🇧 Persians · United Kingdom
700
-11
Wollolo
8:03 Feudal Age
9:41 Horse Collar
13:18 Castle Age
12:01 Double-Bit Axe
18:32 Chemistry
20:08 Wheelbarrow
19:35 Padded Archer Armor
20:01 Fletching
21:32 Heavy Plow
21:29 Bodkin Arrow
21:49 Leather Archer Armor
22:26 Bow Saw
25:23 Ballistics
26:18 Wheelbarrow
29:11 Imperial Age
28:49 Wagenburg Tactics
29:27 Leather Archer Armor
30:40 Hand Cart
30:49 Forging
30:45 Scale Mail Armor
30:52 Scale Barding Armor
32:16 Conscription
31:28 Elite Hussite Wagon
32:32 Conscription
33:15 Caravan
34:29 Iron Casting
34:14 Chain Barding Armor
34:10 Chain Mail Armor
40:29 Blast Furnace
39:30 Bracer
40:01 Plate Mail Armor
45:39 Ring Archer Armor
45:29 Chain Barding Armor
51:47 Onager
53:12 Siege Engineers
68:21 Houfnice
densch
0:48 Loom
8:26 Feudal Age
9:40 Horse Collar
16:31 Castle Age
15:12 Forging
15:03 Scale Mail Armor
15:01 Double-Bit Axe
15:10 Stone Mining
15:16 Gold Mining
16:32 Fletching
17:18 Ballistas
17:15 Heavy Plow
20:31 Bow Saw
20:27 Bodkin Arrow
21:10 Iron Casting
20:50 Chain Mail Armor
20:42 Squires
21:33 Pikeman
27:02 Ballistics
27:32 Gold Shaft Mining
27:34 Wheelbarrow
26:47 Town Watch
28:54 Hand Cart
28:44 Town Patrol
28:43 Murder Holes
35:26 Imperial Age
33:27 Masonry
34:51 Caravan
35:32 Heavy Scorpion
38:33 Halberdier
40:01 Scale Barding Armor
40:57 Blast Furnace
41:09 Chemistry
41:59 Bloodlines
41:50 Husbandry
44:37 Elite Centurion
52:37 Chain Barding Armor
52:53 Architecture
58:52 Comitatenses
58:55 Conscription
77:33 Siege Engineers
77:42 Fortified Wall
[KoA]Almilux
9:03 Feudal Age
15:20 Castle Age
14:48 Gold Mining
14:45 Double-Bit Axe
14:56 Horse Collar
17:27 Loom
18:18 Wheelbarrow
17:29 Town Watch
17:58 Heavy Plow
20:38 Forging
20:34 Scale Barding Armor
21:19 Hand Cart
22:38 Town Patrol
31:24 Gold Shaft Mining
34:43 Iron Casting
34:00 Fletching
41:18 Imperial Age
44:27 Blast Furnace
43:48 Chain Barding Armor
44:24 Conscription
46:12 Chemistry
45:08 Murder Holes
46:17 Chemistry
45:55 Bodkin Arrow
45:59 Elite Tarkan
60:45 Husbandry
60:56 Bloodlines
60:06 Light Cavalry
60:10 Elite Skirmisher
62:37 Ballistics
63:45 Hussar
64:58 Pikeman
77:35 Capped Ram
pro.secco
9:03 Feudal Age
14:04 Castle Age
13:03 Double-Bit Axe
14:03 Crossbowman
18:04 Horse Collar
25:10 Imperial Age
26:23 Imperial Age
24:33 Wheelbarrow
27:15 Capped Ram
28:48 Siege Ram
30:40 Kamandaran
33:20 Bow Saw
34:45 Forging
34:36 Scale Mail Armor
34:41 Scale Barding Armor
34:27 Fletching
34:37 Padded Archer Armor
34:39 Heavy Plow
35:41 Two-Man Saw
36:16 Caravan
36:46 Coinage
35:58 Cavalier
37:48 Hand Cart
38:10 Iron Casting
37:51 Chain Mail Armor
39:21 Chain Barding Armor
41:09 Blast Furnace
41:53 Savar
43:18 Plate Mail Armor
43:04 Leather Archer Armor
42:44 Bodkin Arrow
43:24 Plate Barding Armor
45:32 Ring Archer Armor
45:38 Crop Rotation
47:29 Gold Mining
47:29 Stone Mining
51:02 Pikeman
51:39 Halberdier
61:32 Chemistry
64:02 Onager
Shankbird497
7:17 Feudal Age
9:15 Double-Bit Axe
14:17 Castle Age
14:44 Bloodlines
18:00 Crossbowman
23:23 Light Cavalry
26:26 Pikeman
34:29 Imperial Age
34:17 Wheelbarrow
34:24 Wheelbarrow
33:41 Loom
34:19 Forging
34:19 Scale Barding Armor
35:42 Padded Archer Armor
36:19 Iron Casting
35:56 Thumb Ring
36:48 Hussar
37:33 Kamandaran
38:17 Heavy Camel Rider
41:28 Horse Collar
42:43 Hand Cart
47:22 Elite War Elephant
48:45 Husbandry
52:16 Blast Furnace
51:39 Chain Barding Armor
51:08 Onager
58:06 Citadels
62:43 Caravan
79:54 Fletching
80:20 Leather Archer Armor
the_mechanic
6:34 Feudal Age
7:08 Double-Bit Axe
8:48 Man-at-Arms
9:34 Arson
10:41 Horse Collar
16:03 Castle Age
15:30 Gold Mining
15:31 Stone Mining
16:50 Long Swordsman
17:31 Squires
18:23 Gambesons
18:44 Scale Mail Armor
18:54 Forging
20:52 Bloodlines
20:47 Padded Archer Armor
22:28 Bow Saw
23:05 Heavy Plow
22:56 Loom
23:11 Elite Skirmisher
25:12 Town Watch
27:41 Fletching
29:09 Thumb Ring
30:40 Gold Shaft Mining
31:12 Clerical Recruitment
32:35 Wheelbarrow
41:20 Imperial Age
40:14 Leather Archer Armor
39:55 Bodkin Arrow
41:12 Husbandry
41:23 Scale Barding Armor
41:54 Iron Casting
42:26 Onager
43:39 Hand Cart
45:17 Chain Mail Armor
46:51 Imperial Skirmisher
48:26 Fortified Wall
54:51 Cranequins
54:52 Heavy Mounted Crossbowman
56:08 Ballistics
56:53 Pikeman
58:18 Halberdier
61:57 Caravan
61:48 Shield Wall
Woodwould
6:43 Feudal Age
5:00 Loom
11:54 Castle Age
13:14 Scale Mail Armor
13:22 Squires
13:47 Double-Bit Axe
14:40 Horse Collar
15:16 Arson
15:49 Chain Mail Armor
17:39 Bow Saw
18:38 Forging
23:23 Heavy Plow
27:10 Wheelbarrow
26:21 Town Watch
30:21 Imperial Age
28:30 Wheelbarrow
27:41 Town Watch
29:57 Iron Casting
30:25 Fortified Wall
30:28 Masonry
31:28 Gold Mining
31:29 Stone Mining
33:04 Plate Mail Armor
34:09 Onager
34:15 Pikeman
37:08 Chemistry
37:17 Hand Cart
37:03 Town Patrol
41:53 Blast Furnace
41:41 Conscription
41:50 Ironclad
41:45 Siege Engineers
43:12 Halberdier
47:51 Two-Man Saw
47:40 Stone Shaft Mining
46:43 Elite Teutonic Knight
47:58 Hoardings
48:23 Fletching
48:55 Ballistics
53:56 Siege Onager
55:41 Bombard Tower
57:59 Caravan
59:00 Crop Rotation
62:16 Man-at-Arms
62:41 Gambesons
64:20 Coinage
64:01 Guilds
68:57 Banking
69:31 Long Swordsman
The Bucks Cougar
8:33 Feudal Age
6:52 Loom
9:59 Wheelbarrow
9:10 Town Watch
9:56 Double-Bit Axe
9:53 Horse Collar
16:18 Gold Mining
16:20 Stone Mining
19:00 Castle Age
20:01 Hand Cart
19:49 Heavy Plow
20:02 Bow Saw
21:19 Thumb Ring
20:35 Elite Skirmisher
20:38 Pikeman
21:19 Squires
25:02 Stone Shaft Mining
27:00 Forging
26:50 Scale Mail Armor
26:42 Fletching
26:52 Padded Archer Armor
28:46 Ballistics
30:01 Padded Archer Armor
29:56 Bodkin Arrow
30:37 Iron Casting
30:17 Chain Mail Armor
32:25 Town Patrol
32:40 Fortified Wall
33:13 Leather Archer Armor
33:53 Masonry
38:40 Imperial Age
36:21 Murder Holes
36:09 Treadmill Crane
38:55 Imperial Skirmisher
38:58 Halberdier
40:33 Elite Rattan Archer
41:45 Chatras
44:53 Scale Barding Armor
45:19 Plate Mail Armor
45:19 Ring Archer Armor
44:50 Bracer
45:36 Elite Battle Elephant
46:24 Husbandry
46:36 Bloodlines
47:41 Chain Barding Armor
48:37 Crop Rotation
49:27 Chemistry
69:17 Caravan
Connection lost

Rejoining the realm…

Still unreachable

The connection could not be restored.

Session expired

The server has moved on; the page needs a fresh start.